 Dungeon Crawl Stone Soup version 0.26.1-10-gdfb7c7de75 (webtiles) character file.

Game seed: 11071775455459529060

600 Descartes the Magician (level 7, -12/36 HPs)
             Began as a Deep Elf Hedge Wizard on Apr 6, 2021.
             Mangled by an ogre
             ... wielding a +0 giant spiked club
              (26 damage)
             ... on level 5 of the Dungeon.
             The game lasted 00:12:36 (7234 turns).

Descartes the Magician (Deep Elf Hedge Wizard)      Turns: 7234, Time: 00:12:37

Health: -12/36     AC: 11    Str:  7    XL:     7   Next: 18%
Magic:  15/16      EV: 15    Int: 21    God:
Gold:   231        SH:  0    Dex: 14    Spells: 15/16 levels left

rFire    + . .     SeeInvis .   b - +2 dagger (flame)
rCold    x . .     Faith    .   (no shield)
rNeg     + . .     Spirit   .   F - +4 robe of Yredelemnul {*Contam rN+ Will+++ rCorr}
rPois    .         Reflect  .   c - +0 hat
rElec    .         Harm     .   I - +0 cloak
rCorr    +         Rampage  .   (no gloves)
Will     +++..                  (no boots)
Stlth    +++.......             (no amulet)
HPRegen  0.12/turn              A - +4 ring of protection
MPRegen  0.15/turn              H - ring of fire

@: no status effects
A: no striking features
a: no special abilities


You were on level 5 of the Dungeon.
You visited 2 branches of the dungeon, and saw 6 of its levels.

You collected 231 gold pieces.

Inventory:

Hand Weapons
 a - a +0 hunting sling
 b - a +2 dagger of flaming (weapon)
Missiles
 d - 150 stones
 h - 32 arrows
 k - 12 poisoned darts
 o - 43 bolts
 q - 3 atropa-tipped darts
 z - 58 sling bullets
Armour
 c - a +0 hat (worn)
 F - the +4 robe of Yredelemnul (worn) {*Contam rN+ Will+++ rCorr}
   (You found it on level 4 of the Dungeon)

   It protects you from negative energy.
   It affects your willpower, your defense against some magical effects.
   It causes magical contamination when unequipped.
   It provides partial protection from all sources of acid and corrosion.
 I - a +0 cloak (worn)
Magical Staves
 G - an uncursed staff of fire
Jewellery
 A - a +4 ring of protection (left hand)
 H - a ring of fire (right hand)
Wands
 D - a wand of random effects (16)
Scrolls
 e - 10 scrolls of remove curse
 i - 4 scrolls of identify
 j - 4 scrolls of enchant armour
 l - 4 scrolls of teleportation
 n - 5 scrolls of enchant weapon {unknown}
 r - a scroll of noise {unknown}
 t - a scroll of fear {unknown}
 v - 2 scrolls of magic mapping {unknown}
 w - 2 scrolls of blinking {unknown}
 x - 2 scrolls of amnesia {unknown}
 B - 2 scrolls of random uselessness {unknown}
Potions
 f - 6 potions of curing {unknown}
 g - a potion of attraction {unknown}
 m - a potion of degeneration {unknown}
 p - a potion of ambrosia {unknown}
 s - a potion of lignification {unknown}
 u - 2 potions of magic {unknown}
 C - 2 potions of brilliance {unknown}
 E - a potion of flight {unknown}


   Skills:
 - Level 5.0 Dodging
 - Level 5.0 Stealth
 - Level 5.0 Spellcasting
 - Level 5.0 Conjurations
 - Level 1.1 Summonings
 - Level 1.1 Translocations
 + Level 3.3 Evocations


You had 15 spell levels left.
You knew the following spells:

 Your Spells              Type           Power        Failure   Level
a - Magic Dart            Conj           100%         1%          1

Your spell library contained the following spells:

 Spells                   Type           Power        Failure   Level
 Blink                    Tloc           N/A          11%         2
 Call Imp                 Summ           9%           11%         2
 Conjure Flame            Conj/Fire      23%          12%         3
 Slow                     Hex            5%           16%         2
 Mephitic Cloud           Conj/Pois/Air  12%          17%         3


Dungeon Overview and Level Annotations

Branches:
Dungeon (5/15)             Temple (1/1) D:4

Altars:
Cheibriados
Dithmenos
Elyvilon
Fedhas
Hepliaklqana
Kikubaaqudgha
Makhleb
Nemelex Xobeh
Okawaru
Qazlal
Sif Muna
Trog
Uskayaw
Xom
Yredelemnul

Annotations:
D:3 2 transporters, Hank's ghost, amateur DsAK


Message History

Press: ? - help, Shift-Dir - straight line, f/p - ogre
Aim: an ogre, wielding a +0 giant spiked club (0% to evade)
The magic dart hits the orc wizard.
The orc wizard is lightly wounded.
The orc wizard gestures wildly while chanting.
The orc wizard blinks!
Unknown command.
Casting: Magic Dart (safe; 1% risk of failure)
Confirm with . or Enter, or press ? or * to list all spells.
Aiming: Magic Dart (safe; 1% risk of failure)
Press: ? - help, Shift-Dir - straight line, f/p - ogre
Aim: an ogre, wielding a +0 giant spiked club (0% to evade)
Okay, then.
The ogre hits you with a +0 giant spiked club!
The orc wizard completely misses you.
The orc wizard hits you but does no damage.
The ogre hits you with a +0 giant spiked club!
The ogre hits you with a +0 giant spiked club!!
Ouch! That really hurt!
You die...

........)......#.).#.#.####.# #.
............####.#.#.#.# #.# #.
..).........#....#.#.#.# #.# #.
............#.##.#.#.#.# #.# #.
.########.#.#.##.#...#.## #.# #.
......................>.# #.# #.
.######.#.#.#.......###.###.#####
.######.#.#.#.##............g....
........#.......@................
..#####.###.#.#O#.#.###.#########
............#.>o#[...##.# #
..#####g####.o..##.#.##.#### #
..# #.#.# #o#.###.#........ #
..###.#g# #.#.# #.#.##.####
.......g# #.#.###.#.##.#
.####.#o# #o#..........# .# #.#.#
#.###........#.......#


You could see an ogre, an orc wizard and 2 orcs.

Vanquished Creatures
  A black bear (D:3)
  A centaur (D:5)
  2 hounds
  A gnoll shaman (D:5)
  An iguana (D:4)
  A centaur skeleton (D:5)
  A worker ant (D:4)
  8 gnolls
  7 adders
  An ooze (D:4)
  7 worms
  3 dart slugs (D:1)
  3 leopard geckos
  18 orcs
  2 giant cockroaches
  4 goblins
  7 hobgoblins
  2 jackals (D:4)
  12 kobolds
  A ball python (D:2)
  7 bats
  5 frilled lizards
  7 rats
102 creatures vanquished.

Notes
Turn   | Place    | Note
-------+----------+-------------------------------------------
     0 | D:1      | Descartes the Deep Elf Hedge Wizard began the quest for the
                  | Orb.
     0 | D:1      | Reached XP level 1. HP: 10/10 MP: 7/7
   215 | D:1      | Reached XP level 2. HP: 3/15 MP: 1/9
   631 | D:1      | Reached skill level 5 in Spellcasting
   929 | D:1      | Reached XP level 3. HP: 19/19 MP: 2/11
  1801 | D:2      | Found a faded altar of an unknown god.
  1896 | D:2      | Found an opulent altar of Gozag.
  1898 | D:2      | Found a sparkling altar of Nemelex Xobeh.
  1898 | D:2      | Found a shadowy altar of Dithmenos.
  2006 | D:2      | Found a stormy altar of Qazlal.
  2006 | D:2      | Found a hazy altar of Hepliaklqana.
  2006 | D:2      | Found a shimmering altar of Xom.
  2240 | D:2      | Reached XP level 4. HP: 24/24 MP: 10/13
  2268 | D:2      | Found a white marble altar of Elyvilon.
  2613 | D:2      | Found an ancient bone altar of Kikubaaqudgha.
  2872 | D:3      | Found a transporter.
  3164 | D:3      | Found a transporter.
  3167 | D:3      | Noticed Hank's ghost (amateur DsAK)
  3675 | D:3      | Reached skill level 5 in Conjurations
  3760 | D:3      | Reached XP level 5. HP: 28/28 MP: 11/14
  4020 | D:3      | Noticed a black bear
  4027 | D:3      | Killed a black bear
  4293 | D:3      | Found a sparkling altar of Nemelex Xobeh.
  4354 | D:4      | Reached XP level 6. HP: 32/32 MP: 9/15
  4399 | D:4      | Reached skill level 5 in Dodging
  4688 | D:4      | Found a staircase to the Ecumenical Temple.
  4696 | Temple   | Entered the Ecumenical Temple
  5621 | D:4      | Got an ominously black robe
  5632 | D:4      | Identified the +4 robe of Yredelemnul {*Contam rN+ Will+++
                  | rCorr} (You found it on level 4 of the Dungeon)
  5987 | D:5      | Entered Level 5 of the Dungeon
  6019 | D:5      | Found a burning altar of Makhleb.
  6118 | D:5      | Reached skill level 5 in Stealth
  6118 | D:5      | Reached skill level 1 in Evocations
  6545 | D:5      | Reached XP level 7. HP: 36/36 MP: 11/16
  7234 | D:5      | Mangled by an ogre

Illustrated notes

Levels and vault maps discovered:
D:1:      co_arrival_square_in_a_square_in_a_square, layout_basic
D:2:      layout_rooms, kiku_gazebo_pond_becter, marbit_many_paths,
          doesnt_xom_only_xom, chequers_ecumenical_altar_simple,
          minmay_misc_feat_five, grunt_decor_mini_mirrors,
          minmay_misc_feat_enclosed
D:3:      layout_loops_corners, lemuel_coloured_pillars_altar,
          gammafunk_ghost_stat_death
D:4:      layout_basic, minmay_temple_entry_arrows
D:5:      cheibrodos_quashed, layout_basic, makhleb_heckhound_becter,
          uniq_edmund
Temple:   compressed_dpeg_triangle_lava_temple

Skill      XL: |  1  2  3  4  5  6  7 |
---------------+----------------------+-----
Conjurations   | 2 3 5 |  5.0
Spellcasting   | 5 |  5.0
Dodging        | 4 5 |  5.0
Stealth        | 5 |  5.0
Evocations     | 2 3 |  3.3
Summonings     | |  1.1
Translocations | |  1.1

Action                   |  1- 3 |  4- 6 |  7- 9 || total
-------------------------+-------+-------+-------++-------
Melee: Dagger            |     8 |     5 |       ||    13
 Cast: Magic Dart        |   119 |   201 |    43 ||   363
  Use: Scroll            |       |     3 |       ||     3
Armor: Robe              |     2 |    13 |     5 ||    20
Dodge: Dodged            |    13 |    50 |    12 ||    75
